 Dungeon Crawl Stone Soup version 0.30-a0-778-g2ef04afb54 (webtiles) character file.

Game seed: 5341210811442091809

270 Ceno the Shooter (level 6, -1/43 HPs)
             Began as a Barachi Hexslinger on Feb 17, 2023.
             Was an Initiate of Gozag.
             Slain by a phantom (4 damage)
             ... on level 4 of the Dungeon.
             The game lasted 00:12:33 (4054 turns).

Ceno the Shooter (Barachi Hexslinger)               Turns: 4054, Time: 00:12:33

Health: -1/43      AC:  3    Str: 11    XL:     6   Next: 22%
Magic:  7/7        EV: 12    Int: 13    God:    Gozag
Gold:   420        SH:  0    Dex: 15    Spells: 0/7 levels left

rFire   . . .      SeeInvis .    a - +1 sling
rCold   . . .      Faith    .    (no shield)
rNeg    . . .      Spirit   .    c - +1 robe
rPois   .          Reflect  .    (no helmet)
rElec   .          Harm     .    (no cloak)
rCorr   +          Rampage  .    (no gloves)
Will    .....                    (no boots)
Stlth   +                        (no amulet)
HPRegen 0.27/turn                v - ring of resist corrosion
MPRegen 0.10/turn                (no ring)

@: unable to hop, slow
A: amphibious, slowness 1, strong legs 1, +LOS
a: Hop, Renounce Religion, Potion Petition, Call Merchant, Bribe Branch


You were on level 4 of the Dungeon.
You worshipped Gozag.
Gozag was aware of your devotion.
You visited 1 branch of the dungeon, and saw 4 of its levels.

You collected 447 gold pieces.
You paid 27 gold pieces to Gozag.

Inventory:

Hand Weapons
 a - a +1 sling (weapon)
Armour
 c - a +1 robe (worn)
Jewellery
 v - a ring of resist corrosion (left hand)
Wands
 w - a wand of polymorph (11)
Scrolls
 b - a scroll of poison
 d - a scroll of magic mapping {unknown}
 f - a scroll of summoning {unknown}
 g - 2 scrolls of enchant armour
 j - a scroll of enchant weapon {unknown}
 k - 3 scrolls of teleportation
 l - a scroll of fog {unknown}
 n - 2 scrolls of identify
 o - a scroll of amnesia
 q - a scroll of noise
 r - a scroll of immolation {unknown}
 s - a scroll of vulnerability {unknown}
 t - a scroll of torment {unknown}
 x - a scroll of blinking {unknown}
Potions
 e - a potion of mutation
 h - a potion of brilliance
 i - a potion of invisibility
 m - a potion of degeneration {unknown}
 p - a potion of curing {unknown}
 u - 2 potions of heal wounds {unknown}
 z - a potion of attraction {unknown}


   Skills:
 - Level 1.2 Fighting
 * Level 5.0 Ranged Weapons
 - Level 2.1 Dodging
 - Level 1.1 Spellcasting
 + Level 4.8 Hexes
 + Level 1.8 Fire Magic


You couldn't memorise any spells.
You knew the following spells:

 Your Spells              Type           Power      Damage    Failure   Level
a - Slow                  Hex            52%        N/A       3%          1
b - Inner Flame           Hex/Fire       9%         N/A       22%         3
c - Portal Projectile     Hex/Tloc       14%        N/A       30%         3

Your spell library contained the following spells:

 Spells                   Type           Power      Damage    Failure   Level
 Confusing Touch          Hex            13%        N/A       12%         3
 Cause Fear               Hex            6%         N/A       36%         4
 Vampiric Draining        Necr           0%         2d6       63%         3


Dungeon Overview and Level Annotations

Branches:
Dungeon (4/15)
 Temple: D:4-7

Altars:
Gozag

Shops:
D:3 ?   D:4 [

Annotations:
D:2 Natasha
D:3 2 transporters, necrobotica's ghost, amateur DECj


Innate Abilities, Weirdness & Mutations

You are amphibious.
You cover ground slowly.
You can hop short distances.
You have an extended range of vision and can be seen from far away.


Message History

The sling bullet hits the phantom but does no damage.
The phantom is heavily damaged.
The phantom hits you.
The phantom blinks!
You blink.
Fire: a) +1 sling
Press: ? - help, Q - select action, (/) - cycle Shift-Dir - straight line, f/p - phantom
Aim: a phantom (heavily damaged, 48% to hit)
You shoot a sling bullet.
The sling bullet barely misses the phantom.
The phantom hits you.
* * * LOW HITPOINT WARNING * * *
Fire: a) +1 sling
Press: ? - help, Q - select action, (/) - cycle Shift-Dir - straight line, f/p - phantom
Aim: a phantom (heavily damaged, 48% to hit)
You shoot a sling bullet.
The sling bullet barely misses the phantom.
The phantom closely misses you. The phantom hits you!
* * * LOW HITPOINT WARNING * * *
Okay, then.
Fire: a) +1 sling
Press: ? - help, Q - select action, (/) - cycle Shift-Dir - straight line, f/p - phantom
Aim: a phantom (heavily damaged, 48% to hit)
You shoot a sling bullet.
The sling bullet closely misses the phantom.
The phantom hits you.
* * * LOW HITPOINT WARNING * * *
The phantom blinks!
You blink.
Fire: a) +1 sling
Press: ? - help, Q - select action, (/) - cycle Shift-Dir - straight line, f/p - phantom
Aim: a phantom (heavily damaged, 48% to hit)
You shoot a sling bullet.
The sling bullet closely misses the phantom.
The phantom closely misses you.
Fire: a) +1 sling
Press: ? - help, Q - select action, (/) - cycle Shift-Dir - straight line, f/p - phantom
Aim: a phantom (heavily damaged, 48% to hit)
You shoot a sling bullet.
The sling bullet barely misses the phantom.
The phantom hits you.
You die...
Your body crumbles into a pile of gold.

#.....##..# ##.#..##..#
$ # #..##..# #####
...?.....##..# #...#
......##.##..# ####.#.#
...... #.##... ..##.#.#
##### #.##.####.##.#.#
#####.##.##.# #.##.#.#
.......W@...# #.##.#.#
.####^##.#..# #.##.#.#
#.#.#.#..# #.##.#.# ..
#.....####.##.#.###
###.#.#.................
#......ยง........#.###
######.#####.......# #.#
######(.## #.# #....


You could see a phantom.

Vanquished Creatures
  A phantom (D:3)
  A hound (D:4)
  An iguana (D:4)
  A gnoll (D:1)
  4 adders
  2 worms
  A dart slug (D:1)
  2 orcs (D:3)
  5 ball pythons
  4 bats
  5 endoplasms
  15 giant cockroaches
  11 goblins
  5 hobgoblins
  2 jackals (D:1)
  2 quokkas
  8 frilled lizards
  7 kobolds
  3 rats
80 creatures vanquished.

Notes
Turn   | Place    | Note
-------+----------+-------------------------------------------
     0 | D:1      | Ceno the Barachi Hexslinger began the quest for the Orb.
     0 | D:1      | Reached XP level 1. HP: 15/15 MP: 2/2
   161 | D:1      | Reached XP level 2. HP: 21/21 MP: 3/3
   519 | D:1      | Reached skill level 3 in Ranged Weapons
   547 | D:1      | Reached XP level 3. HP: 26/26 MP: 4/4
  1355 | D:2      | Reached XP level 4. HP: 30/32 MP: 3/5
  1478 | D:2      | Found an opulent altar of Gozag.
  1481 | D:2      | Identified the -2 helmet of the Evening Star {rC+ rCorr
                  | Str-5 Int+3}
  1485 | D:2      | Became a worshipper of Gozag Ym Sagoz the Greedy
  1535 | D:2      | Noticed Natasha
  1941 | D:2      | Reached skill level 4 in Ranged Weapons
  2422 | D:3      | Found a transporter.
  2429 | D:3      | Noticed a phantom
  2460 | D:3      | Killed a phantom
  2461 | D:3      | Reached skill level 1 in Fire Magic
  2461 | D:3      | Reached XP level 5. HP: 10/37 MP: 6/6
  2717 | D:3      | Found Feskutet's Magic Scroll Shoppe.
  2942 | D:3      | Noticed necrobotica's ghost (amateur DECj)
  2944 | D:3      | Found a transporter.
  3379 | D:3      | Learned a level 3 spell: Inner Flame
  3583 | D:4      | Reached XP level 6. HP: 43/43 MP: 7/7
  3667 | D:4      | Found Coebe's Armour Emporium.
  3959 | D:4      | Reached skill level 5 in Ranged Weapons
  4006 | D:4      | Learned a level 3 spell: Portal Projectile
  4054 | D:4      | Slain by a phantom

Illustrated notes

Levels and vault maps discovered:
D:1:      minmay_arrival_shattered_statue, layout_loops_corners
D:2:      minmay_roachtagon, layout_loops_ring, basic_altar,
          chequers_serial_rivers_small_a, uniq_natasha
D:3:      layout_loops_ring, gammafunk_ghost_mausoleum, serial_shops, shop
D:4:      layout_loops_ring, serial_shops, kennysheep_little_box,
          minmay_fractal_squares_gapless_5

Skill      XL: |  1  2  3  4  5  6 |
---------------+-------------------+-----
Ranged Weapons | 3 4 5 |  5.0
Hexes          | 4 |  4.8
Fire Magic     | 1 |  1.8
Fighting       | |  1.2
Dodging        | |  2.1
Spellcasting   | |  1.1

Action                     |  1- 3 |  4- 6 || total
---------------------------+-------+-------++-------
   Fire: Sling             |   129 |   242 ||   371
   Cast: Slow              |     6 |     8 ||    14
Ability: Hop               |     7 |    10 ||    17
    Use: Scroll            |     3 |     4 ||     7
 Armour: Robe              |    14 |    42 ||    56
  Dodge: Dodged            |    37 |    99 ||   136

Table legend: (Time is in decaauts)
 A = Elapsed time spent in this place.
 B = Non-inter-level travel time spent in this place.
 C = Inter-level travel time spent in this place.
 D = Time resting spent in this place.
 E = Time spent auto-exploring this place.
 F = Levels seen in this place.
 G = Mean time per level.
                   A        B        C        D        E       F      G
               +--------+--------+--------+--------+--------+-----+--------+
         Total |   4668 |   4475 |    193 |    553 |   2819 |   4 | 1167.0 |
       Dungeon |   4668 |   4475 |    193 |    553 |   2819 |   4 | 1167.0 |
               +--------+--------+--------+--------+--------+-----+--------+

Top non-repeatable levels by time:
     D:3: 1392 daAuts
     D:1: 1352 daAuts
     D:2: 1334 daAuts
     D:4: 589 daAuts
